 Dungeon Crawl Stone Soup version 0.31-a0-202-g547052bce9 (webtiles) character file.

Game seed: 2977128410773749469

86 qw the Shooter (level 4, -1/25 HPs)
             Began as a Deep Elf Hunter on June 26, 2023.
             Slain by a worm (8 damage)
             ... on level 3 of the Dungeon.
             The game lasted 00:00:39 (1572 turns).

qw the Shooter (Deep Elf Hunter)                    Turns: 1572, Time: 00:00:40

Health: -1/25      AC:  5    Str: 10    XL:     4   Next: 26%
Magic:  6/6        EV: 11    Int: 14    God:
Gold:   70         SH:  0    Dex: 18    Spells: 3/3 levels left

rFire   + . .        Y - +0 shortbow
rCold   . . .        (shield currently unavailable)
rNeg    . . .        e - +0 ring mail
rPois   +            (no helmet)
rElec   .            (no cloak)
rCorr   .            (no gloves)
SInv    .            (no boots)
Will    .....        f - amulet of the acrobat
Stlth   +            c - ring of poison resistance
HPRegen 0.24/turn    h - ring of protection from fire
MPRegen 0.10/turn

%: acrobat
@: no status effects
A: no striking features
a: no special abilities


You were on level 3 of the Dungeon.
You visited 1 branch of the dungeon, and saw 3 of its levels.

You collected 70 gold pieces.


   Skills:
 - Level 1.5 Fighting
 + Level 7.7 Ranged Weapons
 - Level 2.4 Dodging
 - Level 1.2 Stealth


You had 3 spell levels left.
You didn't know any spells.
Your spell library was empty.

Inventory:

Hand Weapons
 Y - a +0 shortbow (weapon)
Armour
 e - a +0 ring mail (worn)
Jewellery
 c - a ring of poison resistance (left hand)
 f - an amulet of the acrobat (around neck)
 h - a ring of protection from fire (right hand)
Scrolls
 b - a scroll of teleportation {unknown}
Potions
 a - a potion of haste {unknown}
 d - a potion of lignification {unknown}
 g - a potion of degeneration {unknown}

Dungeon Overview and Level Annotations

Branches:
Dungeon (3/15)

Altars:

Annotations:
D:2 1 runed translucent door, Crazy Yiuf


Message History

The adder closely misses you. The jackal closely misses you.
The adder closely misses you.
You shoot an arrow. The arrow hits the jackal!
You kill the jackal!
The hobgoblin hits you. The adder closely misses you.
You shoot an arrow. The arrow misses the adder.
The adder bites you but does no damage. The hobgoblin barely misses you.
The goblin misses you. The adder bites you.
You shoot an arrow. The arrow hits the adder.
The adder is heavily wounded.
The goblin hits you but does no damage. The hobgoblin misses you.
The adder bites you but does no damage. The goblin closely misses you.
The hobgoblin hits you.
You shoot an arrow. The arrow barely misses the adder.
The arrow hits the worm.
The worm is moderately wounded.
The adder completely misses you. The hobgoblin barely misses you.
The goblin hits you with a +0 club. The adder bites you.
You shoot an arrow. The arrow completely misses the adder.
The arrow hits the worm.
The worm is heavily wounded.
The adder bites you. The hobgoblin hits you. The goblin barely misses you.
You shoot an arrow. The arrow hits the adder.
The adder is heavily wounded.
The adder bites you but does no damage. The hobgoblin barely misses you.
The goblin barely misses you. The adder barely misses you.
You shoot an arrow. The arrow hits the adder!
You kill the adder!
The hobgoblin hits you but does no damage.
The goblin hits you but does no damage.
You shoot an arrow.
The arrow hits the hobgoblin but does no damage.
The goblin hits you with a +0 club.
The hobgoblin hits you but does no damage.
The goblin misses you. The hobgoblin barely misses you.
You shoot an arrow. The arrow hits the worm.
The worm is severely wounded.
The goblin completely misses you.
An orc comes into view. It is wielding a +0 dagger.
The hobgoblin hits you. The worm bites you!
You die...

##### ########...#
##..........#
#...######..# #..##
#@.#
.######.###....gwg#
....##..##...#....#
#.....#.. ##...#
###.##.)# ##..#
...#....# #..#
.8..##..##... #..#
..8.#......... o..#
#...#.#####...


You could see a worm, an orc (wandering), a hobgoblin and a goblin.

Vanquished Creatures
  3 adders
  A worm (D:2)
  2 dart slugs
  5 endoplasms
  3 giant cockroaches
  4 goblins
  3 hobgoblins (D:2)
  6 jackals
  2 quokkas (D:1)
  3 ball pythons
  5 bats
  A frilled lizard (D:1)
  5 kobolds
  6 rats
49 creatures vanquished.

Notes
Turn   | Place    | Note
-------+----------+-------------------------------------------
     0 | D:1      | qw the Deep Elf Hunter began the quest for the Orb.
     0 | D:1      | Reached XP level 1. HP: 12/12 MP: 3/3
     0 | D:1      | 0 ||| qw: Version: 0.3-a-22-g0ed2b0b
     0 | D:1      | 0 ||| qw: Game counter: 6185
     0 | D:1      | 0 ||| qw: Melee chars always use a shield: true
     0 | D:1      | 0 ||| qw: God list: Okawaru
     0 | D:1      | 0 ||| qw: Allow faded altars: false
     0 | D:1      | 0 ||| qw: Do Orc after clearing Dungeon:15 true
     0 | D:1      | 0 ||| qw: Do second Lair branch before Depths: true
     0 | D:1      | 0 ||| qw: Lair rune preference: random
     0 | D:1      | 0 ||| qw: Goals: Normal
     0 | D:1      | 0 ||| PLANNING D:1-11
   249 | D:1      | Reached XP level 2. HP: 16/16 MP: 4/4
   262 | D:1      | Reached skill level 6 in Ranged Weapons
   684 | D:1      | 684 ||| UPGRADING to +0 ring mail.
   694 | D:1      | 694 ||| DROPPING +0 leather armour.
   708 | D:1      | 708 ||| UPGRADING to amulet of the acrobat.
   717 | D:1      | 717 ||| READING scroll labelled YBEXUI QUSE.
   747 | D:1      | 747 ||| DROPPING scroll of butterflies.
   776 | D:2      | 776 ||| STAIRDANCE
   837 | D:2      | Reached XP level 3. HP: 20/20 MP: 5/5
  1009 | D:2      | Reached skill level 7 in Ranged Weapons
  1027 | D:2      | Found a runed translucent door.
  1028 | D:2      | Noticed Crazy Yiuf
  1140 | D:2      | HP: 5/20 [worm (9)]
  1359 | D:2      | 1359 ||| DROPPING amulet of guardian spirit.
  1360 | D:2      | 1360 ||| UPGRADING to ring of poison resistance.
  1361 | D:2      | 1361 ||| UPGRADING to ring of protection from fire.
  1362 | D:2      | 1362 ||| READING scroll labelled HOITWOAPOA.
  1406 | D:3      | Reached XP level 4. HP: 25/25 MP: 6/6
  1531 | D:3      | Found a faded altar of an unknown god.
  1572 | D:3      | Slain by a worm

Levels and vault maps discovered:
D:1:      lightli_molten_gateway, layout_loops_ring
D:2:      layout_rooms, uniq_crazy_yiuf_cottage
D:3:      layout_rooms, shapermc_ecumenical_altar_venn, minmay_cupped

Skill      XL: |  1  2  3 |
---------------+----------+-----
Ranged Weapons | 6 7 |  7.7
Fighting       | |  1.5
Dodging        | |  2.4
Stealth        | |  1.2

Action                     |  1- 3 |  4- 6 || total
---------------------------+-------+-------++-------
   Fire: Shortbow          |   130 |    39 ||   169
    Use: Scroll            |     2 |       ||     2
 Armour: Leather armour    |     7 |       ||     7
         Ring mail         |    17 |    10 ||    27
  Dodge: Dodged            |    34 |    27 ||    61

Table legend:
 A = Non-vault XP
 B = Vault XP
 C = Vault XP percentage of total XP
 D = Non-vault monster count
 E = Vault monster count
 F = Vault count percentage of total count
                 A         B        C        D         E       F
            +---------+---------+-------+---------+---------+-------
      Total |     108 |      15 |  12.2 |      47 |       2 |   4.1
            +---------+---------+-------+---------+---------+-------
        D:1 |      34 |       0 |   0.0 |      20 |       0 |   0.0
        D:2 |      50 |       0 |   0.0 |      19 |       0 |   0.0
        D:3 |      24 |      15 |  38.5 |       8 |       2 |  20.0
            +---------+---------+-------+---------+---------+-------
